 Dungeon Crawl Stone Soup version 0.30-a0-694-g3340775977 (webtiles) character file.

Game seed: 17699751002780338972

89 CoinPitGoblin the Shooter (level 4, 0/36 HPs)
             Began as a Demigod Hunter on Jan 20, 2023.
             Slain by an orc
             ... wielding a +0 trident
              (2 damage)
             ... on level 3 of the Dungeon.
             The game lasted 00:02:43 (1854 turns).

CoinPitGoblin the Shooter (Demigod Hunter)          Turns: 1854, Time: 00:02:44

Health: 0/36       AC:  4    Str: 12    XL:     4   Next: 10%
Magic:  6/6        EV: 12    Int: 11    God:
Gold:   139        SH:  0    Dex: 21    Spells: 3/3 levels left

rFire   . . .      SeeInvis .    a - +0 shortbow
rCold   . . .      Faith    .    (shield currently unavailable)
rNeg    . . .      Spirit   .    c - +1 leather armour
rPois   .          Reflect  .    (no helmet)
rElec   .          Harm     .    (no cloak)
rCorr   .          Rampage  .    (no gloves)
Will    .....                    (no boots)
Stlth   +                        (no amulet)
HPRegen 0.26/turn                (no ring)
MPRegen 0.10/turn                (no ring)

@: confused, attractive
A: high MP 1, forlorn, divine attributes
a: no special abilities


You were on level 3 of the Dungeon.
You visited 1 branch of the dungeon, and saw 3 of its levels.

You collected 139 gold pieces.

Inventory:

Hand Weapons
 a - a +0 shortbow (weapon)
Armour
 c - a +1 leather armour (worn)
Jewellery
 e - an amulet of reflection
 k - a +4 ring of protection
Scrolls
 b - 2 scrolls of immolation
 h - a scroll of identify
Potions
 d - a potion of heal wounds {unknown}
 f - 2 potions of berserk rage
 g - a potion of might
 l - a potion of mutation {unknown}


   Skills:
 + Level 2.0 Fighting
 + Level 5.0 Ranged Weapons
 * Level 2.3 Dodging
 - Level 0.8 Stealth


You had 3 spell levels left.
You didn't know any spells.
Your spell library contained the following spells:

 Spells                   Type           Power      Damage    Failure   Level
 Magic Dart               Conj           0%         1d3       41%         1
 Searing Ray              Conj           0%         2d4       56%         2
 Fulminant Prism          Conj/Hex       0%         3d5       99%         4


Dungeon Overview and Level Annotations

Branches:
Dungeon (3/15)

Shops:
D:2 !?:


Innate Abilities, Weirdness & Mutations

You have an increased reservoir of magic. (+10% MP)
You shall have no god before yourself.
Your divine heritage dramatically boosts your attributes as you level up.


Message History

You kill the worm!
No target in view!
No target in view!
No target in view!
Found a robe.
Found an escape hatch in the floor.
You see here a worm corpse.
You now have 139 gold pieces (gained 4).
i - a metallic green potion An orc wizard and 3 orcs come into view.
The orc shouts! x2; The orc wizard shouts!
The orc shouts!
An orc priest comes into view. It is wielding a +0 club.
The orc moves out of view.
You shoot an arrow. The arrow closely misses the orc.
The orc priest shouts!
The orc priest invokes the aid of Beogh against you.
Beogh smites you!
You shoot an arrow. The arrow hits the orc.
The orc is lightly wounded.
The orc misses you.
A quokka comes into view.
You shoot an arrow. The arrow hits the orc!
You kill the orc!
Your Ranged Weapons skill increases to level 5!
You shoot an arrow. The arrow hits the orc wizard.
The orc wizard is lightly wounded.
The orc wizard points at you and mumbles some strange words.
You are confused.
The orc throws a boomerang.
The boomerang hits you but does no damage.
The orc wizard gestures at you while chanting.
The magic dart hits you.
The orc throws a boomerang.
The boomerang hits you.
The orc priest invokes the aid of Beogh against you.
Beogh smites you!
* * * LOW HITPOINT WARNING * * *
It was a potion of attraction.
You feel attractive to monsters. The quokka is attracted toward you.
It was a potion of magic.
Magic courses through your body.
The orc hits you from afar with a +0 trident.
You die... ...... ..... .... ###### # ####.ยง. .....#.. ...o. ........ roo

....## #o## ....#
#@.#
....#############.###
....................#
....##############..#
....# ..# ..[.# ..#
....# #.# ..... ..
.....# .##


You could see an orc priest, an orc wizard, 2 orcs and a quokka.

Vanquished Creatures
  3 adders (D:2)
  2 worms
  3 dart slugs
  An orc (D:3)
  An endoplasm (D:2)
  8 giant cockroaches
  3 goblins
  7 hobgoblins
  3 kobolds
  2 quokkas (D:1)
  A ball python (D:2)
  6 bats
  2 frilled lizards (D:1)
  5 rats
47 creatures vanquished.

Notes
Turn   | Place    | Note
-------+----------+-------------------------------------------
     0 | D:1      | CoinPitGoblin the Demigod Hunter began the quest for the
                  | Orb.
     0 | D:1      | Reached XP level 1. HP: 17/17 MP: 3/3
   143 | D:1      | Reached skill level 4 in Ranged Weapons
   183 | D:1      | Reached XP level 2. HP: 20/24 MP: 4/4
   900 | D:2      | Found Daij's Magic Scroll Shoppe.
  1100 | D:2      | Found Akhonom's Book Shoppe.
  1119 | D:2      | Reached XP level 3. HP: 20/29 MP: 5/5
  1519 | D:2      | Found Toemuw's Distillery.
  1642 | D:2      | Reached XP level 4. HP: 36/36 MP: 6/6
  1852 | D:3      | Reached skill level 5 in Ranged Weapons
  1852 | D:3      | HP: 1/36 [orc priest/divine providence (12)]
  1854 | D:3      | Slain by an orc

Illustrated notes

Levels and vault maps discovered:
D:1:      minmay_arrival_shattered_statue, layout_basic
D:2:      layout_basic, serial_shops, shop, shop, nicolae_shop_crystal,
          nrook_uturn
D:3:      gammafunk_steamed_eel, layout_basic

Skill      XL: |  1  2  3  4 |
---------------+-------------+-----
Ranged Weapons | 4 5 |  5.0
Dodging        | 2 |  2.3
Fighting       | 2 |  2.0
Stealth        | |  0.8

Action                   |  1- 3 |  4- 6 || total
-------------------------+-------+-------++-------
 Fire: Shortbow          |   122 |     9 ||   131
  Use: Scroll            |     4 |       ||     4
       Potion            |       |     2 ||     2
Armor: Leather armour    |    17 |     1 ||    18
Dodge: Dodged            |    27 |     2 ||    29

Table legend: (Time is in decaauts)
 A = Elapsed time spent in this place.
 B = Non-inter-level travel time spent in this place.
 C = Inter-level travel time spent in this place.
 D = Time resting spent in this place.
 E = Time spent auto-exploring this place.
 F = Levels seen in this place.
 G = Mean time per level.
                   A        B        C        D        E       F      G
               +--------+--------+--------+--------+--------+-----+--------+
         Total |   1896 |   1682 |    214 |      0 |   1412 |   3 |  632.0 |
       Dungeon |   1896 |   1682 |    214 |      0 |   1412 |   3 |  632.0 |
               +--------+--------+--------+--------+--------+-----+--------+

Top non-repeatable levels by time:
     D:1: 1039 daAuts
     D:2: 803 daAuts
     D:3: 53 daAuts
